 Dungeon Crawl Stone Soup version 0.18.1-5-g4a78601 (webtiles) character file.

499 oshikia the Poker (level 6, 0/47 HPs)
             Began as a Demonspawn Gladiator on May 12, 2016.
             Slain by an ogre
             ... wielding a +0 giant club
              (16 damage)
             ... on level 5 of the Dungeon.
             The game lasted 00:08:52 (5169 turns).

oshikia the Poker (Demonspawn Gladiator)            Turns: 5169, Time: 00:08:53

Health: 0/47       AC:  3    Str: 15    XL:     6   Next: 94%
Magic:  0/9        EV: 14    Int:  9    God:
Gold:   190        SH:  0    Dex: 16    Spells: 0 memorised, 9 levels left

rFire  . . .     SeeInvis .     a - +0 trident
rCold  . . .     Gourm    .     b - +0 leather armour
rNeg   . . .     Faith    .     (no shield)
rPois  .         Spirit   +     (helmet restricted)
rElec  .         Dismiss  .     (no cloak)
rCorr  .         Reflect  .     (no gloves)
SustAt .         Harm     +     (no boots)
MR     .....                    m - amulet of harm
Stlth  +.........               (no ring)
                                (no ring)

@: not resistant to hostile enchantments, very unstealthy
A: antennae 1, talons 1, magic shield
a: no special abilities


You were on level 5 of the Dungeon.
You were not hungry.

You visited 1 branch of the dungeon, and saw 5 of its levels.

You collected 190 gold pieces.

Inventory:

Hand Weapons
 a - a +0 trident (weapon)
Missiles
 u - 4 curare-tipped needles
 v - 4 javelins (quivered)
Armour
 b - a +0 leather armour (worn)
Jewellery
 m - an amulet of harm (around neck)
Scrolls
 e - 3 scrolls of remove curse {unknown}
 i - a scroll of amnesia {unknown}
 j - a scroll of fog {unknown}
 l - 4 scrolls of teleportation {unknown}
 p - 3 scrolls of magic mapping {unknown}
 q - 4 scrolls of recharging {unknown}
 r - a scroll of enchant weapon {unknown}
 s - 8 scrolls of identify {unknown}
 w - a scroll of blinking {unknown}
 y - a scroll of enchant armour {unknown}
Potions
 g - 2 potions of flight {unknown}
 k - 3 potions of curing
 n - a potion of magic {unknown}
 o - a potion of haste {unknown}
 t - 2 potions of agility {unknown}
 x - a potion of might {unknown}
 A - 2 potions of lignification {unknown}
 B - a potion of beneficial mutation {unknown}
 C - 2 potions of brilliance {unknown}
Comestibles
 f - 4 bread rations
 h - 2 meat rations
 z - a slice of pizza


   Skills:
 + Level 3.2 Fighting
 * Level 4.8 Polearms
 + Level 3.1 Throwing
 + Level 4.0 Dodging
 + Level 2.1 Spellcasting


You had 9 spell levels left.
You didn't know any spells.

Dungeon Overview and Level Annotations

Branches:
Dungeon (5/15)
 Temple: D:4-7

Altars:
Ashenzari
Elyvilon
Gozag
Makhleb
Nemelex Xobeh
Qazlal
Sif Muna
Trog
Zin


Innate Abilities, Weirdness & Mutations

You have a pair of small antennae on your head.
You have sharp toenails.
When hurt, damage is shared between your health and your magic reserves.


Message History

The ogre is lightly wounded.
The ogre hits you with a giant club!!
Ouch! That really hurt!
* * * LOW HITPOINT WARNING * * *
You are too injured to fight recklessly!
You are too injured to fight recklessly!
Throwing (i - inventory):
v - 6 javelins (quivered)
Press: ? - help, Shift-Dir - straight line, f/p - ogre
Aim: an ogre, wielding a giant club (lightly wounded)
You throw a javelin. The javelin hits the ogre.
The ogre is moderately wounded.
The sentinel's mark upon you fades away.
The ogre closely misses you.
Throwing (i - inventory):
v - 5 javelins (quivered)
Press: ? - help, Shift-Dir - straight line, f/p - ogre
Aim: an ogre, wielding a giant club (moderately wounded)
You throw a javelin. The javelin hits the ogre!
The ogre is severely wounded.
The ogre hits you with a giant club!
You die...

..#.##...# #.# #.#
..#...#..### #.# #.#
..#...#....# ##.## #.#
###...#..#.####...## #.#
⌠..#+.#.⌠#..##.....# #.#
.........#.....)..##########.#
#.......#####..#.#...........#
#.......#...#........#########
+..._...'...#..#@#...#
.....(..#...#(>#O#####
#.......#####..#(#
.........#....##.#
⌠.##+#..⌠#..####(#
##....####.## #.# .(#...#....#
#.# ..#...#....# #........
..##'##...## #..####.#


You could see an ogre.

Vanquished Creatures
  An ogre (D:4)
  A centaur (D:5)
  2 hounds (D:5)
  A giant frog skeleton (D:5)
  Terence (D:2)
  An iguana (D:4)
  2 worker ants (D:4)
  6 adders
  3 worms
  4 dart slugs
  3 giant geckos
  3 orcs
  7 bats
  2 giant cockroaches
  8 goblins
  7 hobgoblins
  5 jackals
  A quokka (D:4)
  5 giant newts
  A jackal skeleton (D:4)
  8 kobolds
  9 rats
81 creatures vanquished.

Notes
Turn   | Place    | Note
--------------------------------------------------------------
     0 | D:1      | oshikia the Demonspawn Gladiator began the quest for the Orb.
     0 | D:1      | Reached XP level 1. HP: 16/16 MP: 1/1
   159 | D:1      | Gained mutation: When hurt, damage is shared between your health and your magic reserves. [demonic ancestry]
   159 | D:1      | Reached XP level 2. HP: 20/22 MP: 2/2
   502 | D:1      | Gained mutation: You have sharp toenails. [demonic ancestry]
   502 | D:1      | Reached XP level 3. HP: 27/27 MP: 3/3
  1140 | D:2      | HP: 1/28 [worm (11)]
  1511 | D:2      | Noticed Terence
  1519 | D:2      | Killed Terence
  1519 | D:2      | Reached XP level 4. HP: 34/34 MP: 4/4
  1909 | D:2      | Found a bloodstained altar of Trog.
  2560 | D:3      | Found a sparkling altar of Nemelex Xobeh.
  2602 | D:3      | Found an opulent altar of Gozag.
  2602 | D:3      | Found a white marble altar of Elyvilon.
  2605 | D:3      | Found a stormy altar of Qazlal.
  2696 | D:3      | Reached skill level 1 in Spellcasting
  2696 | D:3      | Gained mutation: You have a pair of small antennae on your head. [demonic ancestry]
  2696 | D:3      | Reached XP level 5. HP: 16/39 MP: 3/6
  4263 | D:4      | Found a glowing silver altar of Zin.
  4366 | D:4      | Noticed an ogre
  4378 | D:4      | Killed an ogre
  4378 | D:4      | Reached XP level 6. HP: 19/46 MP: 3/8
  4686 | D:4      | Found a deep blue altar of Sif Muna.
  4757 | D:5      | Entered Level 5 of the Dungeon
  4833 | D:5      | Found a burning altar of Makhleb.
  4833 | D:5      | Noticed a blizzard demon
  4863 | D:5      | Found a shattered altar of Ashenzari.
  5169 | D:5      | Slain by an ogre

Skill      XL: |  1  2  3  4  5  6 |
---------------+-------------------+-----
Throwing       | 2 3 |  3.1
Dodging        | 3 4 |  4.0
Polearms       | 3 4 |  4.8
Spellcasting   | 1 2 |  2.1
Fighting       | 3 |  3.2

Action                   |  1- 3 |  4- 6 || total
-------------------------+-------+-------++-------
Melee: Trident           |   130 |   206 ||   336
       Kick              |     9 |    58 ||    67
Throw: Throwing net      |     1 |     5 ||     6
       Javelin           |       |     2 ||     2
  Use: Potion            |       |     1 ||     1
 Stab: Sleeping          |     4 |     1 ||     5
       Held in net/web   |     1 |     1 ||     2
  Eat: Chunk             |     2 |    12 ||    14
Armor: Leather armour    |    26 |    37 ||    63
Dodge: Dodged            |    66 |   101 ||   167
